 Dungeon Crawl Stone Soup version 0.23.2-33-g5129a83184 (webtiles) character file.

Game seed: 14216072701754140867

676 PlayerOfArmor the Slasher (level 7, 0/51 HPs)
             Began as a Demonspawn Gladiator on July 11, 2019.
             Was a Follower of Hepliaklqana.
             Slain by an ice beast (8 damage)
             ... on level 5 of the Dungeon.
             The game lasted 00:12:16 (3075 turns).

PlayerOfArmor the Slasher (Demonspawn Gladiator)    Turns: 3075, Time: 00:12:18

Health: 0/51       AC:  9    Str: 19    XL:     7   Next: 33%
Magic:  7/7        EV: 12    Int: 10    God:    Hepliaklqana [*.....]
Gold:   27         SH:  0    Dex: 14    Spells: 6/6 levels left

rFire    . . .     SeeInvis .   a - +0 long sword
rCold    . . .     Gourm    .   (no shield)
rNeg     . . .     Faith    .   t - +0 ring mail
rPois    .         Spirit   .   c - +0 helmet
rElec    .         Reflect  .   (no cloak)
rCorr    .         Harm     .   (no gloves)
MR       +....                  m - +0 pair of boots
Stlth    +.........             (no amulet)
HPRegen  0.17/turn              e - +3 ring of strength
MPRegen  0.10/turn              (no ring)

@: no status effects
A: reduced essence, slimy green scales 1, demonic guardian 1, magic resistance
1, robust 1
a: Recall Ancestor, Ancestor Identity, Renounce Religion


You were on level 5 of the Dungeon.
You worshipped Hepliaklqana.
Hepliaklqana was aware of your devotion.
You were not hungry.

You visited 2 branches of the dungeon, and saw 6 of its levels.

You collected 167 gold pieces.
You spent 140 gold pieces at shops.

Inventory:

Hand Weapons
 a - a +0 long sword (weapon)
Missiles
 d - 3 throwing nets (quivered)
Armour
 c - a +0 helmet (worn)
 m - a +0 pair of boots (worn)
 t - a +0 ring mail (worn)
Jewellery
 e - a +3 ring of strength (left hand)
 y - a +5 ring of strength
Wands
 w - a wand of flame (23)
 A - a wand of iceblast (9)
Scrolls
 g - 9 scrolls of identify {unknown}
 i - a scroll of enchant armour {unknown}
 j - 2 scrolls of noise {unknown}
 k - a scroll of random uselessness {unknown}
 l - a scroll of immolation {unknown}
 o - 2 scrolls of remove curse {unknown}
 v - 2 scrolls of blinking {unknown}
 x - a scroll of teleportation {unknown}
Potions
 b - 3 potions of heal wounds
 n - a potion of flight {unknown}
 p - a potion of degeneration {unknown}
 q - a potion of berserk rage {unknown}
 r - a potion of curing {unknown}
 s - a potion of brilliance {unknown}
 u - a potion of ambrosia {unknown}
 z - a potion of agility {unknown}
Comestibles
 f - 6 rations


   Skills:
 + Level 2.9 Fighting
 * Level 6.5 Long Blades
 - Level 1.7 Throwing
 + Level 2.5 Armour
 + Level 3.7 Dodging


You had 6 spell levels left.
You didn't know any spells.
Your spell library contained the following spells:

 Spells                   Type           Power        Failure   Level  Hunger
 Summon Small Mammal      Summ           #...         54%         1    ##.....
 Call Imp                 Summ           #.......     67%         2    ###....
 Call Canine Familiar     Summ           #.......     88%         3    ####...
 Summon Guardian Golem    Hex/Summ       #.......     88%         3    ####...
 Summon Ice Beast         Ice/Summ       #.......     99%         4    #####..
 Summon Lightning Spire   Summ/Air       #.......     99%         4    #####..


Dungeon Overview and Level Annotations

Branches:
Dungeon (5/15)             Temple (1/1) D:4

Altars:
Cheibriados
Dithmenos
Elyvilon
Fedhas
Gozag
Hepliaklqana
Kikubaaqudgha
Makhleb
Nemelex Xobeh
Okawaru
Qazlal
Ru
Sif Muna
Trog
Uskayaw
Vehumet
Wu Jian
Xom
Yredelemnul
Zin
The Shining One

Shops:
D:4 *


Innate Abilities, Weirdness & Mutations

You are partially covered in slimy green scales. (AC +2)
A weak demonic guardian rushes to your aid.
Your life essence is reduced to manifest your ancestor. (-10% HP)
You are resistant to hostile enchantments. (MR+)
You are robust. (+10% HP)


Message History

Friðuswiþ barely misses the ice beast.
Something hits Friðuswiþ.
Something shocks Friðuswiþ.
You swap places.
Your iron imp hits the ice beast.
Friðuswiþ hits the sky beast.
The sky beast barely misses Friðuswiþ.
The ice beast barely misses your iron imp.
Your iron imp hits the ice beast.
Something hits Friðuswiþ.
Something shocks Friðuswiþ.
The ice beast hits your iron imp but does no damage.
The centaur shoots an arrow.
The arrow hits your iron imp!
The centaur shoots an arrow.
The arrow hits your iron imp!
Your iron imp dies!
Friðuswiþ hits the ice beast.
Okay, then.
It was a potion of mutation.
You feel extremely strange.
You feel resistant to hostile enchantments.
You feel robust.
Something hits Friðuswiþ.
Something shocks Friðuswiþ.
The ice beast hits you.
* * * LOW HITPOINT WARNING * * *
The ice beast freezes you!
You die...

####### #.....#
#.....# #@Y...#
#.cR..###
...#######(...#
........##....#
##.####.##Y#.?###
# ###....5.......
#.#....####...##.
#.#.#######......
#.......... #.##.


You could see the friendly Friðuswiþ the ancestor, an ice beast and a centaur.

Vanquished Creatures
  Edmund (D:4)
  An ogre (D:4)
  A crimson imp (D:4)
  3 hounds
  Terence (D:3)
  2 adders
  2 oozes
  A leopard gecko (D:1)
  An orc (D:4)
  6 bats
  3 giant cockroaches (D:1)
  7 goblins
  8 hobgoblins
  8 jackals
  5 kobolds
  4 frilled lizards
  9 rats
63 creatures vanquished.

Vanquished Creatures (collateral kills)
  Sigmund (D:3)
  A howler monkey (D:4)
  An orc wizard (D:4)
  A worker ant (D:4)
  A worm (D:3)
  3 leopard geckos
  An orc (D:4)
  3 goblins
  A hobgoblin (D:2)
  A kobold (D:3)
  2 rats
16 creatures vanquished.

Grand Total: 79 creatures vanquished

Notes
Turn   | Place    | Note
-------+----------+-------------------------------------------
     0 | D:1      | PlayerOfArmor the Demonspawn Gladiator began the quest for
                  | the Orb.
     0 | D:1      | Reached XP level 1. HP: 16/16 MP: 1/1
   159 | D:1      | Reached skill level 3 in Long Blades
   173 | D:1      | Gained mutation: A weak demonic guardian rushes to your
                  | aid. [demonic ancestry]
   173 | D:1      | Reached XP level 2. HP: 16/22 MP: 2/2
   591 | D:1      | Reached XP level 3. HP: 27/27 MP: 3/3
   943 | D:2      | Found a hide-covered altar of Uskayaw.
   944 | D:2      | Found a deep blue altar of Sif Muna.
  1279 | D:2      | Found a hazy altar of Hepliaklqana.
  1286 | D:2      | Became a worshipper of Hepliaklqana the Forgotten
  1467 | D:2      | Reached skill level 4 in Long Blades
  1581 | D:2      | Reached XP level 4. HP: 26/29 MP: 4/4
  1819 | D:3      | Noticed Sigmund
  1896 | D:3      | Killed Sigmund
  1896 | D:3      | Reached skill level 5 in Long Blades
  1896 | D:3      | Reached skill level 1 in Armour
  1896 | D:3      | Gained mutation: You are partially covered in slimy green
                  | scales. (AC +2) [demonic ancestry]
  1896 | D:3      | Reached XP level 5. HP: 6/35 MP: 5/5
  1896 | D:3      | Reached XP level 6. HP: 7/41 MP: 6/6
  2182 | D:3      | Noticed Terence
  2197 | D:3      | Killed Terence
  2515 | D:4      | Noticed Edmund
  2527 | D:4      | Killed Edmund
  2551 | D:4      | Reached skill level 6 in Long Blades
  2585 | D:4      | Reached * piety under Hepliaklqana
  2592 | D:4      | Found Pumuxtui's General Store.
  2611 | D:4      | Reached XP level 7. HP: 33/45 MP: 7/7
  2625 | D:4      | Bought 2 potions of heal wounds for 140 gold pieces
  2667 | D:4      | Found a staircase to the Ecumenical Temple.
  2728 | Temple   | Entered the Ecumenical Temple
  3039 | D:5      | Entered Level 5 of the Dungeon
  3075 | D:5      | Gained mutation: You are resistant to hostile enchantments.
                  | (MR+) [potion of mutation]
  3075 | D:5      | Gained mutation: You are robust. (+10% HP) [potion of
                  | mutation]
  3075 | D:5      | Slain by an ice beast

Skill      XL: |  1  2  3  4  5  6 |
---------------+-------------------+-----
Long Blades    | 3 4 5 6 |  6.5
Dodging        | 3 |  3.7
Armour         | 1 2 |  2.5
Fighting       | |  2.9
Throwing       | |  1.7

Action                   |  1- 3 |  4- 6 |  7- 9 || total
-------------------------+-------+-------+-------++-------
Melee: Long sword        |    94 |    69 |    22 ||   185
Invok: Ancestor Identity |       |     2 |       ||     2
  Use: Potion            |       |       |     1 ||     1
 Stab: Sleeping          |     1 |       |       ||     1
       Distracted        |       |     2 |     1 ||     3
  Eat: Chunk             |     2 |     4 |     1 ||     7
Armor: Leather armour    |    31 |    16 |       ||    47
       Ring mail         |       |     7 |    14 ||    21
Dodge: Dodged            |    72 |    79 |    31 ||   182
       Rpst.: Long sword |    21 |    24 |     6 ||    51
